 Dungeon Sprint DCSS version 0.30-a0-778-g2ef04afb54 (webtiles) character file.

Game seed: 16337866914150202290

1534 retardedninja the Blocker (level 8, 0/72 HPs)
             Began as a Gnoll Fighter on Feb 15, 2023.
             Was an Initiate of Jiyva.
             Hit by a large rock thrown by a cyclops (17 damage)
             ... in the Dungeon (Sprint IX: "|||||||||||||||||||||||||||||").
             The game lasted 00:01:59 (615 turns).

retardedninja the Blocker (Gnoll Fighter)            Turns: 615, Time: 00:02:00

Health: 0/72       AC: 17    Str: 20    XL:     8   Next: 86%
Magic:  18/18      EV: 10    Int:  8    God:    Jiyva [......]
Gold:   0          SH:  6    Dex: 12    Spells: 21/21 levels left

rFire   . . .      SeeInvis .    m - +3 war axe (heavy)
rCold   . . .      Faith    .    c - +0 buckler
rNeg    . . .      Spirit   .    n - +1 chain mail
rPois   .          Reflect  .    (no helmet)
rElec   .          Harm     .    (no cloak)
rCorr   .          Rampage  .    a - +0 pair of gloves
Will    .....      NoTele   +    q - +0 pair of boots Stlth
                                 (no amulet)
HPRegen 0.32/turn                o - +2 ring of protection
MPRegen 0.16/turn                p - +3 ring of strength

@: on berserk cooldown, slowed, very slow
A: fangs 1, strong nose, distributed training
a: Renounce Religion


You were in the Dungeon.
You worshipped Jiyva.
Jiyva was noncommittal.
You visited 1 branch

Inventory:

Hand Weapons
 m - a +3 heavy war axe (weapon)
Armour
 a - a +0 pair of gloves (worn)
 c - a +0 buckler (worn)
 n - a +1 chain mail (worn)
 q - a +0 pair of boots (worn)
Jewellery
 o - a +2 ring of protection (left hand)
 p - a +3 ring of strength (right hand)
Wands
 l - a wand of roots (9)
Scrolls
 j - 2 scrolls of blinking
 k - 2 scrolls of amnesia
Potions
 e - 4 potions of curing
 f - 2 potions of heal wounds
 h - 4 potions of magic


   Skills:
 + Level 9.8 Fighting
 + Level 7.2 Short Blades
 + Level 7.2 Long Blades
 + Level 8.6 Axes
 + Level 7.2 Maces & Flails
 + Level 7.2 Polearms
 + Level 7.2 Staves
 + Level 7.2 Ranged Weapons
 + Level 7.2 Throwing
 + Level 9.8 Armour
 + Level 7.2 Dodging
 + Level 7.2 Stealth
 + Level 9.8 Shields
 + Level 7.2 Unarmed Combat
 + Level 7.2 Spellcasting
 + Level 6.0 Conjurations
 + Level 6.0 Hexes
 + Level 6.0 Summonings
 + Level 6.0 Necromancy
 + Level 6.0 Translocations
 + Level 6.0 Transmutations
 + Level 6.0 Fire Magic
 + Level 6.0 Ice Magic
 + Level 6.0 Air Magic
 + Level 6.0 Earth Magic
 + Level 6.0 Poison Magic
 + Level 7.9 Invocations
 + Level 7.2 Evocations


You had 21 spell levels left.
You didn't know any spells.
Your spell library was empty.

Dungeon Overview and Level Annotations

Branches:
Dungeon (1/1)

Altars:
Cheibriados
Dithmenos
Elyvilon
Fedhas
Gozag
Hepliaklqana
Kikubaaqudgha
Makhleb
Nemelex Xobeh
Okawaru
Qazlal
Ru
Sif Muna
Trog
Uskayaw
Vehumet
Wu Jian
Xom
Yredelemnul
Zin
The Shining One
Jiyva
Lugonu


Innate Abilities, Weirdness & Mutations

You have very sharp teeth.
Your uncanny sense of smell can sniff out nearby items.
Your experience applies equally to all skills.


Message History

You feel your anger nearly subside.
You are no longer berserk.
You are exhausted.
You feel yourself slow down.
You block the vampire mosquito's attack.
You feel much better.
You block the vampire mosquito's attack.
The vampire mosquito bites you but does no damage.
The vampire mosquito closely misses you.
Aiming: Fastroot
Press: ? - help, Q - select action Shift-Dir - straight line, f - vampire mosquito
Aim: a vampire mosquito The roots erupt in riotous growth!
Roots grab the vampire mosquito.
The grasping roots constrict the vampire mosquito!
The vampire mosquito bites you.
The vampire mosquito draws strength from your injuries!
The vampire mosquito bites you!
* * * LOW HITPOINT WARNING * * *
The vampire mosquito draws strength from your injuries!
The vampire mosquito closely misses you.
The grasping roots constrict the vampire mosquito!!
You destroy the vampire mosquito!
The cyclops throws a large rock.
The large rock hits you but does no damage.
Your Conjurations skill increases to level 6!
Your Hexes skill increases to level 6!
Your Summonings skill increases to level 6!
Your Necromancy skill increases to level 6!
Your Translocations skill increases to level 6!
Your Transmutations skill increases to level 6!
Your Fire Magic skill increases to level 6!
Your Ice Magic skill increases to level 6!
Your Air Magic skill increases to level 6!
Your Earth Magic skill increases to level 6!
Your Poison Magic skill increases to level 6!
There is an open door to the Dungeon, spattered with blood here.
Items here: ))) [[[ ÷.
The cyclops throws a large rock.
The large rock closely misses you.
The cyclops throws a large rock.
The large rock hits you!
You die...

▓_▓
▓'▓
▓.▓
▓.▓
▓)▓
▓.▓
▓.▓
▓[▓
▓@▓
▓.▓
▓.▓
∆
▓)▓
∆
▓.▓
∆
▓C▓
∆
▓T▓
▓.▓
∆
▓y▓


You could see a cyclops and a troll.

Vanquished Creatures
  A hydra (D)
  A troll (D)
  A wraith (D)
  A vampire mosquito (D)
  A water moccasin (D)
  An orc warrior (D)
  An ice beast (D)
  2 wights (D)
  A howler monkey (D)
  An iguana (D)
  A dart slug (D)
  2 orcs (D)
  2 hobgoblins (D)
  A quokka (D)
  A bat (D)
18 creatures vanquished.

Vanquished Creatures (others)
  A great orb of eyes (D)
  2 slime creatures (D)
  3 jellies (D)
  3 orcs (D)
9 creatures vanquished.

Grand Total: 27 creatures vanquished

Notes
Turn   | Place    | Note
-------+----------+-------------------------------------------
     0 | D        | retardedninja the Gnoll Fighter began the quest for the
                  | Orb.
     0 | D        | Reached XP level 1. HP: 23/23 MP: 1/1
    15 | D        | Reached skill level 1 in Invocations
    16 | D        | Reached skill level 1 in Short Blades
    16 | D        | Reached skill level 1 in Long Blades
    16 | D        | Reached skill level 1 in Maces & Flails
    16 | D        | Reached skill level 1 in Polearms
    16 | D        | Reached skill level 1 in Staves
    16 | D        | Reached skill level 1 in Ranged Weapons
    16 | D        | Reached skill level 1 in Throwing
    16 | D        | Reached skill level 1 in Dodging
    16 | D        | Reached skill level 1 in Stealth
    16 | D        | Reached skill level 1 in Unarmed Combat
    16 | D        | Reached skill level 1 in Spellcasting
    16 | D        | Reached skill level 1 in Evocations
    24 | D        | Reached XP level 2. HP: 22/29 MP: 1/3
    57 | D        | Noticed a water moccasin
    57 | D        | Noticed an ice beast
    62 | D        | Reached skill level 5 in Axes
    62 | D        | Reached skill level 1 in Conjurations
    62 | D        | Reached skill level 1 in Hexes
    62 | D        | Reached skill level 1 in Summonings
    62 | D        | Reached skill level 1 in Necromancy
    62 | D        | Reached skill level 1 in Translocations
    62 | D        | Reached skill level 1 in Transmutations
    62 | D        | Reached skill level 1 in Fire Magic
    62 | D        | Reached skill level 1 in Ice Magic
    62 | D        | Reached skill level 1 in Air Magic
    62 | D        | Reached skill level 1 in Earth Magic
    62 | D        | Reached skill level 1 in Poison Magic
    62 | D        | Reached XP level 3. HP: 27/35 MP: 3/6
    71 | D        | Killed a water moccasin
    72 | D        | Reached XP level 4. HP: 15/43 MP: 5/9
    72 | D        | Reached XP level 5. HP: 17/48 MP: 5/10
    74 | D        | Killed an ice beast
   160 | D        | Found a snail-covered altar of Cheibriados.
   160 | D        | Found a shadowy altar of Dithmenos.
   160 | D        | Found a white marble altar of Elyvilon.
   160 | D        | Found a blossoming altar of Fedhas.
   160 | D        | Found an opulent altar of Gozag.
   161 | D        | Found a hazy altar of Hepliaklqana.
   162 | D        | Found a viscous altar of Jiyva.
   163 | D        | Found an ancient bone altar of Kikubaaqudgha.
   164 | D        | Found a corrupted altar of Lugonu.
   165 | D        | Found a burning altar of Makhleb.
   166 | D        | Found a sparkling altar of Nemelex Xobeh.
   167 | D        | Found an iron altar of Okawaru.
   168 | D        | Found a stormy altar of Qazlal.
   169 | D        | Found a sacrificial altar of Ru.
   170 | D        | Found a shimmering blue altar of Sif Muna.
   171 | D        | Found a bloodstained altar of Trog.
   172 | D        | Found a hide-covered altar of Uskayaw.
   173 | D        | Found a radiant altar of Vehumet.
   174 | D        | Found an ornate altar of the Wu Jian Council.
   175 | D        | Found a shimmering altar of Xom.
   176 | D        | Found a basalt altar of Yredelemnul.
   177 | D        | Found a glowing silver altar of Zin.
   178 | D        | Found a glowing golden altar of the Shining One.
   196 | D        | Became a worshipper of Jiyva Juos the Shapeless
   198 | D        | Killed a slime creature
   199 | D        | Killed a slime creature
   200 | D        | Killed a great orb of eyes
   264 | D        | Noticed an orc warrior
   264 | D        | Noticed a troll
   264 | D        | Noticed a wraith
   271 | D        | Killed an orc warrior
   272 | D        | Reached skill level 5 in Invocations
   272 | D        | Reached XP level 6. HP: 45/56 MP: 11/13
   276 | D        | Reached skill level 5 in Short Blades
   276 | D        | Reached skill level 5 in Long Blades
   276 | D        | Reached skill level 5 in Maces & Flails
   276 | D        | Reached skill level 5 in Polearms
   276 | D        | Reached skill level 5 in Staves
   276 | D        | Reached skill level 5 in Ranged Weapons
   276 | D        | Reached skill level 5 in Throwing
   276 | D        | Reached skill level 5 in Dodging
   276 | D        | Reached skill level 5 in Stealth
   276 | D        | Reached skill level 5 in Unarmed Combat
   276 | D        | Reached skill level 5 in Spellcasting
   276 | D        | Reached skill level 5 in Evocations
   277 | D        | Killed a troll
   278 | D        | Reached XP level 7. HP: 49/63 MP: 11/15
   288 | D        | Killed a wraith
   289 | D        | Reached skill level 5 in Conjurations
   289 | D        | Reached skill level 5 in Hexes
   289 | D        | Reached skill level 5 in Summonings
   289 | D        | Reached skill level 5 in Necromancy
   289 | D        | Reached skill level 5 in Translocations
   289 | D        | Reached skill level 5 in Transmutations
   289 | D        | Reached skill level 5 in Fire Magic
   289 | D        | Reached skill level 5 in Ice Magic
   289 | D        | Reached skill level 5 in Air Magic
   289 | D        | Reached skill level 5 in Earth Magic
   289 | D        | Reached skill level 5 in Poison Magic
   598 | D        | Noticed a vampire mosquito
   598 | D        | Noticed a seven-headed hydra
   598 | D        | Noticed a cyclops
   598 | D        | Noticed a troll
   598 | D        | Noticed a vampire mosquito
   598 | D        | Noticed a vampire mosquito
   603 | D        | HP: 3/96 [ten-headed hydra (2)]
   604 | D        | Killed an 11-headed hydra
   604 | D        | HP: 1/96 [vampire mosquito (2)]
   605 | D        | Reached XP level 8. HP: 2/72 MP: 16/18
   615 | D        | Hit by a large rock thrown by a cyclops

Illustrated notes

Levels and vault maps discovered:
D:        linesprint [early_d, line_temple, items_1, d_10, items_2, lair_1,
          lair_end, items_3, orc_1, orc_end, items_4, d_15, swamp_1, shoals_1,
          snake_1, spider_1, d_20, vaults_1, items_5, swamp_end, shoals_end,
          snake_end, spider_end, vaults_end, d_27, items_6, zot_1, zot_end,
          crypt_end, forest_end, elf_end, slime_end, tomb_end, abyss_end,
          pan_hell_end]

Skill      XL: |  1  2  3  4  5  6  7  8 |
---------------+-------------------------+-----
Invocations    | 1 2 3 5 6 7 |  7.9
Short Blades   | 1 2 3 4 5 7 |  7.2
Long Blades    | 1 2 3 4 5 7 |  7.2
Maces & Flails | 1 2 3 4 5 7 |  7.2
Polearms       | 1 2 3 4 5 7 |  7.2
Staves         | 1 2 3 4 5 7 |  7.2
Ranged Weapons | 1 2 3 4 5 7 |  7.2
Throwing       | 1 2 3 4 5 7 |  7.2
Dodging        | 1 2 3 4 5 7 |  7.2
Stealth        | 1 2 3 4 5 7 |  7.2
Unarmed Combat | 1 2 3 4 5 7 |  7.2
Spellcasting   | 1 2 3 4 5 7 |  7.2
Evocations     | 1 2 3 4 5 7 |  7.2
Axes           | 5 6 7 8 |  8.6
Conjurations   | 1 2 3 4 5 6 |  6.0
Hexes          | 1 2 3 4 5 6 |  6.0
Summonings     | 1 2 3 4 5 6 |  6.0
Necromancy     | 1 2 3 4 5 6 |  6.0
Translocations | 1 2 3 4 5 6 |  6.0
Transmutations | 1 2 3 4 5 6 |  6.0
Fire Magic     | 1 2 3 4 5 6 |  6.0
Ice Magic      | 1 2 3 4 5 6 |  6.0
Air Magic      | 1 2 3 4 5 6 |  6.0
Earth Magic    | 1 2 3 4 5 6 |  6.0
Poison Magic   | 1 2 3 4 5 6 |  6.0
Fighting       | 7 8 9 |  9.8
Armour         | 7 8 9 |  9.8
Shields        | 7 8 9 |  9.8

Action                     |  1- 3 |  4- 6 |  7- 9 || total
---------------------------+-------+-------+-------++-------
  Melee: War axe           |    33 |    13 |    17 ||    63
         Bite              |     2 |     3 |     1 ||     6
  Evoke: Wand              |       |       |     1 ||     1
    Use: Potion            |     1 |     3 |     2 ||     6
 Armour: Scale mail        |    10 |     2 |       ||    12
         Chain mail        |       |     2 |    17 ||    19
  Dodge: Dodged            |    15 |     4 |    15 ||    34
  Block: Buckler           |     8 |     6 |     6 ||    20

Table legend: (Time is in decaauts)
 A = Elapsed time spent in this place.
 B = Non-inter-level travel time spent in this place.
 C = Inter-level travel time spent in this place.
 D = Time resting spent in this place.
 E = Time spent auto-exploring this place.
 F = Levels seen in this place.
 G = Mean time per level.
                   A        B        C        D        E       F      G
               +--------+--------+--------+--------+--------+-----+--------+
         Total |    633 |    633 |      0 |    406 |      0 |   1 |  633.0 |
       Dungeon |    633 |    633 |      0 |    406 |      0 |   1 |  633.0 |
               +--------+--------+--------+--------+--------+-----+--------+

Top non-repeatable levels by time:
       D: 633 daAuts
